AoeStats
← shaggy

Arena

510133935Analyzed
2v2 RM · 4d ago on Sep 29, 2026· 41m 8s· 4 players
Game mode
Random Map
Map size
Medium (4 player)
Population
200
Speed
Normal
Resources
Standard
Victory
Conquest
Starting age
Dark Age
Ending age
Imperial Age
RankedLock teamsTeams togetherTeam positionsShared explorationLock speedFull tech treeHidden civsTurbo modeCheats
Victory
Defeat
🇹🇷 Japanese · Türkiye
1213
+15
🇹🇷 Cumans · Türkiye
1196
+16
🇪🇸 Byzantines · Spain
1197
-16
🇩🇪 Teutons · Germany
1187
-15
shaggy
11:34 Feudal Age
13:45 Double-Bit Axe
16:09 Castle Age
14:04 Horse Collar
17:07 Wheelbarrow
17:29 Loom
37:46 Stone Mining
38:02 Pikeman
Gaspar
5:20 Loom
9:49 Feudal Age
14:28 Castle Age
13:35 Double-Bit Axe
19:09 Bow Saw
24:46 Scale Barding Armor
27:26 Wheelbarrow
28:27 Chain Barding Armor
28:17 Forging
29:00 Horse Collar
29:12 Gold Mining
30:05 Hand Cart
30:24 Stone Mining
30:45 Crossbowman
33:01 Thumb Ring
35:31 Imperial Age
34:36 Iron Casting
35:30 Ballistics
35:26 Fletching
35:13 Elite Skirmisher
36:36 Conscription
36:55 Plate Barding Armor
37:57 Chemistry
39:08 Bodkin Arrow
40:12 Bracer
40:12 Padded Archer Armor
Fame
9:24 Feudal Age
9:51 Double-Bit Axe
11:12 Wheelbarrow
10:24 Loom
12:38 Fletching
22:18 Horse Collar
24:53 Wheelbarrow
28:22 Castle Age
27:26 Padded Archer Armor
28:02 Forging
27:58 Scale Barding Armor
29:17 Squires
28:56 Pikeman
30:26 Hand Cart
31:08 Iron Casting
30:57 Bloodlines
32:59 Gold Mining
33:13 Heavy Plow
33:25 Bow Saw
38:30 Imperial Age
38:26 Chain Barding Armor
38:42 Elite Steppe Lancer
40:03 Gold Shaft Mining
39:48 Thumb Ring
40:23 Bodkin Arrow
41:31 Conscription
40:44 Elite Skirmisher
41:31 Steppe Husbandry
taaaaazzyy
10:04 Feudal Age
12:19 Loom
12:12 Man-at-Arms
12:46 Arson
15:04 Scale Mail Armor
15:56 Forging
16:34 Double-Bit Axe
16:32 Horse Collar
22:43 Castle Age
20:44 Gold Mining
22:38 Fletching
24:13 Bodkin Arrow
24:20 Padded Archer Armor
25:21 Bow Saw
25:20 Heavy Plow
26:10 Wheelbarrow
26:33 Leather Archer Armor
26:05 Crossbowman
28:48 Gold Shaft Mining
28:59 Thumb Ring
28:49 Treadmill Crane
29:31 Ballistics
28:54 Treadmill Crane
29:26 Fortified Wall
29:13 Murder Holes
30:53 Hand Cart
36:26 Imperial Age
37:30 Conscription
37:22 Bracer
38:02 Ring Archer Armor
37:09 Arbalester
38:30 Kataparuto
38:30 Masonry
38:26 Siege Engineers
39:22 Chemistry
Connection lost

Rejoining the realm…

Still unreachable

The connection could not be restored.

Session expired

The server has moved on; the page needs a fresh start.